 Dungeon Crawl Stone Soup version 0.23.2-1-ga50397a6bc (webtiles) character file.

Game seed: 7097005397960089430

205544 Hanswurst the Peltast (level 19, 0/172 HPs)
             Began as a Hill Orc Warper on May 30, 2019.
             Succumbed to a wolf spider's poison
             ... on level 3 of the Spider Nest on June 1, 2019.
             The game lasted 10:32:06 (61624 turns).

Hanswurst the Peltast (Hill Orc Warper)            Turns: 61624, Time: 10:32:07

Health: 0/172      AC: 35    Str: 22      XL:     19   Next: 12%
Magic:  21/21      EV:  8    Int: 11 (13) God:
Gold:   2367       SH: 26    Dex:  8 (10) Spells: 21/21 levels left

rFire    . . .     SeeInvis .   U - +4 war axe (chop)
rCold    . . .     Gourm    .   z - +0 large shield
rNeg     . . .     Faith    .   n - +2 plate armour {MR+}
rPois    .         Spirit   .   B - +0 helmet
rElec    .         Reflect  +   V - +2 cloak {+Inv}
rCorr    .         Harm     .   D - +0 pair of gloves
MR       ++...     Rnd*Tele +   Z - +0 pair of boots
Stlth    ..........             K - +4 amulet of reflection
HPRegen  0.38/turn              h - +4 ring of protection
MPRegen  0.17/turn              A - +3 ring of protection

@: lethally poisoned (0 -> -33), very slightly contaminated, hasted, lightly
drained, very quick
A: teleportitis 1
a: Evoke Invisibility


You were on level 3 of the Spider Nest.
You were not hungry.

You visited 7 branches of the dungeon, and saw 34 of its levels.
You also visited: Sewer and Ice Cave.

You collected 3024 gold pieces.
You spent 657 gold pieces at shops.

Inventory:

Hand Weapons
 a - a +2 scimitar of flaming
 m - a +6 mace of draining
 s - a +5 hand axe of electrocution
 U - a +4 war axe of chopping (weapon)
Missiles
 x - 21 poisoned javelins
 G - a throwing net
 R - 12 javelins of penetration
 W - 27 javelins (quivered)
Armour
 n - a +2 plate armour of magic resistance (worn)
 z - a +0 large shield (worn)
 B - a +0 helmet (worn)
 D - a +0 pair of gloves (worn)
 V - a +2 cloak of invisibility (worn)
 Z - a +0 pair of boots (worn)
Jewellery
 b - an uncursed ring of fire
 c - an uncursed amulet of guardian spirit
 e - an uncursed ring of protection from cold
 h - a +4 ring of protection (left hand)
 u - an uncursed ring of positive energy
 v - a +4 ring of strength
 A - a +3 ring of protection (right hand)
 K - a +4 amulet of reflection (around neck)
Wands
 j - a wand of clouds (1)
 q - a wand of digging (7)
 C - a wand of disintegration (12)
 I - a wand of iceblast (57)
 P - a wand of polymorph (7)
 Q - a wand of enslavement (8)
 S - a wand of paralysis (6)
 T - a wand of acid (21)
 X - a wand of flame (14)
Scrolls
 i - 2 scrolls of silence
 y - 5 scrolls of magic mapping
 F - 3 scrolls of teleportation
 J - 2 scrolls of fear
 M - 5 scrolls of remove curse
 Y - 6 scrolls of fog
Potions
 g - 2 potions of resistance
 k - 5 potions of brilliance
 r - 6 potions of agility
 t - 3 potions of might
 w - 7 potions of flight
 H - a potion of berserk rage
 N - 3 potions of haste
Miscellaneous
 l - a lamp of fire
 p - a lightning rod (4/4)
 L - a fan of gales (inert)
Comestibles
 f - 51 rations
 O - 6 chunks of flesh


   Skills:
 + Level 16.2(16.0) Fighting
 + Level 3.9(3.7) Long Blades
 + Level 18.6(18.3) Axes
 + Level 8.9(8.7) Throwing
 + Level 16.7(16.5) Armour
 + Level 4.5(4.3) Dodging
 + Level 2.2(2.1) Stealth
 + Level 19.4(19.2) Shields
 + Level 1.7(1.6) Spellcasting
   Level 2.4(2.2) Translocations
 + Level 1.6(1.5) Evocations


You had 21 spell levels left.
You didn't know any spells.
Your spell library contained the following spells:

 Spells                   Type           Power        Failure   Level  Hunger
 Apportation              Tloc           #.....       91%         1    ##.....
 Blink                    Tloc           N/A          97%         2    ###....
 Animate Skeleton         Necr           N/A          99%         1    ##.....
 Confusing Touch          Hex            #.....       99%         1    ##.....
 Magic Dart               Conj           #...         99%         1    ##.....
 Summon Small Mammal      Summ           #...         99%         1    ##.....
 Shroud of Golubria       Chrm/Tloc      #.........   99%         2    ###....
 Gell's Gravitas          Tloc           #.........   99%         3    ####...
 Lesser Beckoning         Tloc           #.........   99%         3    ####...
 Teleport Other           Tloc           #.......     99%         3    ####...
 Call Imp                 Summ           #.......     100%        2    ###....
 Slow                     Hex            #.......     100%        2    ###....
 Conjure Flame            Conj/Fire      #.......     100%        3    ####...
 Ignite Poison            Fire/Tmut/Pois #.......     100%        3    ####...
 Mephitic Cloud           Conj/Pois/Air  #.......     100%        3    ####...
 Recall                   Summ/Tloc      N/A          100%        3    ####...
 Animate Dead             Necr           N/A          100%        4    #####..
 Cause Fear               Hex            #.........   100%        4    #####..
 Ice Form                 Ice/Tmut       #.......     100%        4    #####..
 Passage of Golubria      Tloc           N/A          100%        4    #####..
 Summon Lightning Spire   Summ/Air       #.......     100%        4    #####..
 Borgnjor's Vile Clutch   Necr/Erth      #.........   100%        5    ######.
 Fireball                 Conj/Fire      #.........   100%        5    ######.
 Metabolic Englaciation   Hex/Ice        #.........   100%        5    ######.
 Silence                  Hex/Air        #.........   100%        5    ######.
 Yara's Violent Unravell  Hex/Tmut       #.........   100%        5    ######.
 Bolt of Cold             Conj/Ice       #.........   100%        6    #######
 Bolt of Fire             Conj/Fire      #.........   100%        6    #######
 Conjure Ball Lightning   Conj/Air       #.........   100%        6    #######
 Death Channel            Necr           #.........   100%        6    #######
 Deflect Missiles         Chrm/Air       #.........   100%        6    #######
 Freezing Cloud           Conj/Ice/Air   #.........   100%        6    #######
 Ozocubu's Refrigeration  Ice            #.........   100%        6    #######
 Simulacrum               Ice/Necr       #.........   100%        6    #######
 Ring of Flames           Chrm/Fire      #.........   100%        7    #######
 Discord                  Hex            #.........   100%        8    #######
 Ignition                 Fire           #.........   100%        8    #######
 Tornado                  Air            #.........   100%        9    #######


Dungeon Overview and Level Annotations

Branches:
Dungeon (15/15)            Temple (0/1) D:4            Lair (6/6) D:8
 Shoals (4/4) Lair:4       Spider (4/4) Lair:2        Slime (1/5) Lair:5
    Orc (2/2) D:9             Elf (2/3) Orc:2        Vaults (0/5) D:14
 Depths (0/5) D:15

Altars:
Ashenzari
Dithmenos
Elyvilon
Fedhas
Ru
Trog
Beogh

Shops:
D:4 [   Orc:2 *!}%   Shoals:1 ?[:   Shoals:3 (

Annotations:
D:13 Jorgrun
Shoals:2 Ilsuiw
Shoals:4 Mara
Spider:4 Asterion
Elf:2 Nikola


Innate Abilities, Weirdness & Mutations

You are occasionally teleported next to monsters.


Message History

You block the demonic crawler's attack. x2
The tarantella bites you but does no damage.
The wolf spider closely misses you. You block the wolf spider's attack.
Blink to where?
Press: ? - help, Dir - move target cursor, p - wolf spider You are very lightly contaminated with residual magic.
As you read the scroll of blinking, it crumbles to dust.
* * * LOW HITPOINT WARNING * * *
You feel very sick.
You feel yourself speed up.
* * * LOW HITPOINT WARNING * * *
You feel very sick. [a] Weapon [b] Armour [c] Jewellery [d] Book [e] Staff [f] Evocable [g] Food [h] Gold (you have $2367)
What kind of item would you like to acquire? [\] known items Something appears at your feet!
* * * LOW HITPOINT WARNING * * *
You feel very sick.
I - a wand of iceblast (57) (gained 9 charges)
You die...

###### ######
#....########..†§##
##.....##..#^...s.s#
##....####......^.>.#
###......#..^........##
##.......##.....s....>#
##........^.......#..###
#......†>........^#...#
##..............@###.##
#...#............# ###
#.##......##....##
≈≈≈≈≈≈#...##....#
≈≈≈≈≈≈≈≈...#..^.###
######≈≈≈..#..#.^.##
≈.≈≈≈##≈≈..#......^#
≈≈≈≈.[#≈≈..#.......#
≈≈≈≈≈##≈≈##........#


You could see a demonic crawler and a wolf spider.

Vanquished Creatures
  An Ice Fiend (IceCv)
  Rupert (Orc:2)
  Kirke (Shoals:1)
  Donald (Shoals:3)
  4 ghost moths
  An emperor scorpion (Spider:1)
  Nessos (Orc:2)
  A deep elf demonologist (Elf:2)
  A spark wasp (Spider:3)
  3 merfolk javelineers
  A fire dragon (D:15)
  A deep elf death mage (Elf:1)
  3 merfolk impalers
  A deep elf high priest (Elf:1)
  4 hydras
  An ice dragon (D:15)
  8 vault guards (D:14)
  A death knight (D:14)
  3 catoblepae (Lair:6)
  7 centaur warriors
  Erica (D:9)
  A merfolk aquamancer (Shoals:1)
  8 dancing weapons
  2 alligator snapping turtles
  3 two-headed ogres
  7 death yaks
  The ghost of Belius the Covert, a journeyman KoEn of Dithmenos (D:10)
  3 orc high priests (Orc:2)
  9 deep elf knights
  Sonja (Lair:5)
  4 skeletal warriors (D:13)
  An unseen horror (D:10)
  8 deep elf archers
  8 sea snakes
  Pikel (D:9)
  5 orc knights
  13 harpies
  36 deep elf magi
  25 wolf spiders
  9 orb spiders
  4 ugly things
  12 fauns
  4 cyclopes
  A shining eye (Lair:5)
  5 orc sorcerers (Orc:2)
  5 moths of wrath
  9 manticores
  4 elephants (Lair:6)
  3 centaur zombies
  8 black mambas
  4 torpor snails
  An eye of devastation (Slime:1)
  4 molten gargoyles (Elf:1)
  An ice statue (IceCv)
  16 spiny frogs
  2 gargoyles
  A rime drake (Lair:2)
  5 freezing wraiths
  9 demonic crawlers
  A kobold demonologist (D:13)
  An anaconda simulacrum (IceCv)
  8 komodo dragons
  3 yaktaurs
  6 ice devils (IceCv)
  10 merfolk
  5 polar bears
  2 trolls
  3 golden dragon simulacra (IceCv)
  A meliai (shapeshifter) (D:9)
  9 tyrant leeches (Spider:3)
  Grinder (D:2)
  37 jumping spiders
  7 wind drakes
  7 hornets
  13 hippogriffs
  11 blink frogs
  29 slime creatures
  4 snapping turtles
  8 dream sheep
  2 air elementals
  47 yaks
  A shadow (D:15)
  26 tarantellas
  4 water elementals
  5 wyverns
  79 redbacks
  A spriggan (D:7)
  4 fire bats (Elf:1)
  2 dire elephant simulacra (IceCv)
  4 fire elementals
  5 wraiths
  A death yak simulacrum (IceCv)
  5 golden eyes
  4 hogs (Shoals:1)
  3 basilisks
  2 vampire mosquitoes (D:13)
  Grum (D:11)
  4 hungry ghosts
  Menkaure (D:4)
  2 iron troll simulacra (IceCv)
  7 harpy simulacra (IceCv)
  A soldier ant (D:13)
  6 swamp worms (Spider:3)
  2 wargs
  2 hydra simulacra (IceCv)
  14 porcupines
  8 water moccasins
  5 sky beasts
  4 black bears
  15 orc warriors
  2 slaves (D:9)
  An ice beast (D:11)
  2 phantoms
  An eye of draining (D:10)
  2 ettin simulacra (IceCv)
  4 wolves (D:11)
  9 ogres
  6 centaurs
  12 crocodiles
  4 big kobolds
  3 earth elementals (Elf:1)
  14 bullfrogs
  2 scorpions
  A wyvern skeleton (D:10)
  6 killer bees
  3 wights (D:11)
  6 howler monkeys
  A bullfrog zombie (D:5)
  11 crimson imps
  3 draconian simulacra (IceCv)
  A bullfrog skeleton (D:5)
  4 hounds
  10 jellies
  9 centaur skeletons
  A gnoll shaman (D:3)
  27 orc priests
  Crazy Yiuf (D:4)
  Ijyb (D:3)
  31 orc wizards
  Jessica (D:3)
  Terence (D:2)
  5 iguanas
  A spriggan simulacrum (IceCv)
  15 worker ants
  2 merfolk avatars
  10 merfolk sirens
  A troll simulacrum (IceCv)
  A polar bear simulacrum (IceCv)
  A centaur simulacrum (IceCv)
  A hound zombie (D:10)
  A hound skeleton (D:7)
  2 worker ant zombies
  Robin (D:3)
  5 gnolls
  A howler monkey skeleton (D:9)
  3 ogre simulacra (IceCv)
  6 river rats
  14 adders
  2 naga simulacra (IceCv)
  A shadow imp (D:15)
  9 white imps (IceCv)
  5 ufetubi (IceCv)
  9 oozes
  An adder zombie (D:6)
  An adder skeleton (D:4)
  2 worms
  A dart slug (D:3)
  8 leopard geckos
  89 orcs
  2 bats (D:3)
  4 giant cockroaches
  12 goblins
  7 hobgoblins
  9 jackals
  14 kobolds
  3 quokkas
  3 ball pythons
  6 frilled lizards
  A jackal skeleton (D:4)
  A leopard gecko skeleton (D:5)
  3 quokka skeletons
  27 rats
  7 fungi
  24 plants
1223 creatures vanquished.

Vanquished Creatures (others)
  Aizul (Elf:2)
  3 merfolk javelineers
  2 satyrs
  A deep elf knight (Elf:2)
  A deep elf archer (Elf:1)
  A deep elf mage (Elf:2)
  A faun (Shoals:2)
  2 cyclopes
  A manticore (Shoals:1)
  A yaktaur (D:15)
  2 humans (Shoals:1)
  2 slaves (D:9)
  4 centaurs
  A white imp (IceCv)
  An orc (Orc:1)
  7 fungi
  13 plants
  4 tentacles (Shoals:1)
48 creatures vanquished.

Grand Total: 1271 creatures vanquished

Notes
Turn   | Place    | Note
-------+----------+-------------------------------------------
     0 | D:1      | Hanswurst the Hill Orc Warper began the quest for the Orb.
     0 | D:1      | Reached XP level 1. HP: 18/18 MP: 3/3
   335 | D:1      | Reached skill level 1 in Throwing
   335 | D:1      | Reached XP level 2. HP: 25/25 MP: 4/4
   972 | D:2      | Reached XP level 3. HP: 22/31 MP: 5/5
  1257 | D:2      | Noticed Terence
  2083 | D:3      | Reached XP level 4. HP: 38/38 MP: 6/6
  2195 | D:3      | Noticed a phantom
  2298 | D:3      | Noticed Ijyb
  2359 | D:2      | Killed Terence
  2632 | D:3      | Killed Ijyb
  2632 | D:3      | Reached XP level 5. HP: 40/45 MP: 7/7
  2669 | D:3      | Noticed Jessica
  2685 | D:3      | Killed Jessica
  2718 | D:3      | Noticed Robin
  2957 | D:3      | Noticed a sky beast
  3282 | D:3      | Found a shattered altar of Ashenzari.
  3362 | D:3      | Killed Robin
  3436 | D:3      | Reached XP level 6. HP: 46/52 MP: 8/8
  3723 | D:4      | Reached skill level 5 in Axes
  3796 | D:4      | Noticed Menkaure
  4182 | D:3      | Killed a sky beast
  4182 | D:3      | Reached XP level 7. HP: 32/59 MP: 9/9
  4359 | D:3      | Noticed Grinder
  4413 | D:3      | Paralysed by Grinder for 7 turns
  4429 | D:2      | Paralysed by Grinder for 4 turns
  4433 | D:2      | Killed Grinder
  4839 | D:4      | Reached skill level 5 in Armour
  4839 | D:4      | Reached XP level 8. HP: 64/67 MP: 10/10
  5095 | D:4      | Found a staircase to the Ecumenical Temple.
  5216 | D:4      | Found a runed translucent door.
  5217 | D:4      | Noticed Crazy Yiuf
  5282 | D:4      | Found Bolaahug's Armour Shoppe.
  5303 | D:4      | Found a white marble altar of Elyvilon.
  5801 | D:5      | Entered Level 5 of the Dungeon
  5915 | D:5      | Reached skill level 5 in Fighting
  5921 | D:5      | Found a glowing drain.
  5970 | Sewer    | Entered a sewer
  6493 | D:5      | Reached XP level 9. HP: 69/74 MP: 11/11
  7014 | D:6      | Noticed a two-headed ogre
  7038 | D:5      | Reached skill level 10 in Axes
  7255 | D:6      | Got a twisted hunting sling
  8037 | D:7      | Reached skill level 1 in Shields
  8313 | D:7      | Reached XP level 10. HP: 49/84 MP: 12/12
  8925 | D:8      | Noticed a death yak
  8926 | D:8      | Noticed a death yak
  9308 | D:8      | Identified the cursed +0 hunting sling of the Ass {flame,
                  | Int+2} (You found it on level 6 of the Dungeon)
  9528 | D:8      | Noticed a death yak
  9735 | D:9      | Found a staircase to the Orcish Mines.
  9735 | D:9      | Noticed a two-headed ogre
  9836 | D:9      | Killed a two-headed ogre
 10035 | D:9      | Noticed Erica
 10166 | D:8      | Found a staircase to the Lair.
 10371 | D:6      | Killed a two-headed ogre
 10371 | D:6      | Reached skill level 1 in Stealth
 10371 | D:6      | Reached skill level 2 in Shields
 10613 | D:4      | Killed Crazy Yiuf
 11383 | Lair:1   | Entered Level 1 of the Lair of Beasts
 11473 | Lair:1   | Noticed a five-headed hydra
 11568 | Lair:1   | Reached XP level 11. HP: 94/94 MP: 13/13
 11714 | D:9      | Killed Erica
 11935 | D:9      | Reached skill level 3 in Shields
 12102 | D:9      | Noticed a centaur warrior
 12106 | D:9      | Noticed a deep elf mage
 12647 | D:9      | Noticed Pikel
 12734 | D:9      | Killed Pikel
 12862 | D:9      | Killed a death yak
 13035 | Lair:1   | Reached skill level 10 in Armour
 13081 | Lair:1   | Killed a one-headed hydra
 13935 | Lair:2   | Reached skill level 1 in Long Blades
 14085 | Lair:2   | Got an ancient trident
 14291 | Lair:2   | Noticed a five-headed hydra
 14486 | Lair:2   | Killed a one-headed hydra
 14486 | Lair:2   | Reached skill level 4 in Shields
 14499 | Lair:2   | Reached XP level 12. HP: 27/104 MP: 14/14
 15345 | Lair:2   | Found a hole to the Spider Nest.
 15523 | Lair:2   | Reached skill level 15 in Axes
 15689 | Lair:2   | Identified the cursed +1 trident of the Radish {pierce, rN+
                  | Int+2} (You found it on level 2 of the Lair of Beasts)
 16104 | Orc:1    | Entered Level 1 of the Orcish Mines
 16352 | D:9      | Found a large runed translucent door.
 16353 | D:9      | Found a large runed translucent door.
 16424 | D:9      | Killed a centaur warrior
 16424 | D:9      | Reached skill level 5 in Shields
 16880 | Orc:1    | Found a roughly hewn altar of Beogh.
 17296 | Orc:2    | Entered Level 2 of the Orcish Mines
 17608 | Orc:2    | Reached skill level 10 in Fighting
 17704 | Orc:2    | Noticed Nessos
 17950 | D:10     | Entered Level 10 of the Dungeon
 18223 | D:10     | Found a runed translucent door.
 18224 | D:10     | Noticed Belius's ghost (journeyman KoEn)
 18321 | D:10     | Reached skill level 6 in Shields
 18989 | D:11     | Noticed a two-headed ogre
 19001 | D:11     | Killed a two-headed ogre
 19136 | D:11     | Noticed Grum
 19156 | D:11     | Reached skill level 7 in Shields
 19172 | D:11     | Killed Grum
 19680 | D:11     | Reached XP level 13. HP: 104/114 MP: 15/15
 20101 | D:12     | Reached skill level 5 in Throwing
 21153 | D:12     | Reached skill level 8 in Shields
 22144 | D:13     | Noticed Jorgrun
 22984 | Lair:3   | You fall through a shaft!
 23189 | Lair:4   | Found a staircase to the Shoals.
 23474 | Lair:4   | Reached skill level 9 in Shields
 25482 | Lair:5   | Reached XP level 14. HP: 126/126 MP: 16/16
 25498 | Lair:5   | Reached skill level 10 in Shields
 25782 | Lair:5   | Noticed Sonja
 25786 | Lair:5   | Killed Sonja
 25966 | Lair:5   | Found a staircase to the Slime Pits.
 26321 | Lair:6   | Entered Level 6 of the Lair of Beasts
 26379 | Lair:6   | Found a sacrificial altar of Ru.
 26708 | Lair:6   | Reached skill level 11 in Shields
 28561 | Shoals:1 | Entered Level 1 of the Shoals
 28571 | Shoals:1 | Reached skill level 12 in Shields
 28576 | Shoals:1 | Noticed Kirke
 28588 | Shoals:1 | Killed Kirke
 29058 | D:4      | Killed Menkaure
 29231 | D:9      | Found a white marble altar of Elyvilon.
 29280 | D:9      | Found a bloodstained altar of Trog.
 29402 | D:10     | Killed Belius's ghost
 29816 | D:13     | Reached XP level 15. HP: 135/135 MP: 17/17
 30699 | Spider:1 | Entered Level 1 of the Spider Nest
 31579 | Spider:1 | Reached skill level 13 in Shields
 34195 | Shoals:1 | Reached skill level 14 in Shields
 35189 | Shoals:1 | Found Isaoq's Armour Emporium.
 35254 | Shoals:1 | Found Viblye Tiowk's Book Emporium.
 35369 | Shoals:1 | Found Mushre's Magic Scroll Shop.
 35474 | Shoals:1 | Noticed a kraken
 35490 | Shoals:1 | Reached XP level 16. HP: 96/145 MP: 18/18
 35796 | Shoals:1 | Bought a scroll of identify for 32 gold pieces
 35796 | Shoals:1 | Bought a scroll of identify for 32 gold pieces
 35798 | Shoals:1 | Bought a scroll of enchant weapon for 120 gold pieces
 36139 | Shoals:2 | Noticed Ilsuiw
 36151 | Shoals:2 | Reached skill level 15 in Armour
 36380 | Shoals:2 | Found a frozen archway.
 36392 | IceCv    | Entered an ice cave
 37784 | IceCv    | Noticed an Ice Fiend
 37829 | IceCv    | Killed an Ice Fiend
 37829 | IceCv    | Reached skill level 15 in Shields
 39605 | Shoals:3 | Found Wuipseut's Antique Weapon Shoppe.
 40356 | Shoals:3 | Noticed Donald
 41045 | Spider:2 | Reached skill level 1 in Evocations
 42234 | Spider:2 | Reached skill level 16 in Shields
 43607 | Spider:2 | Reached XP level 17. HP: 120/154 MP: 19/19
 45275 | Spider:4 | Entered Level 4 of the Spider Nest
 46172 | Orc:2    | Killed Nessos
 46404 | Orc:2    | Noticed Rupert
 46454 | Orc:2    | Paralysed by Rupert for 2 turns
 46835 | Orc:2    | Killed Rupert
 46835 | Orc:2    | Reached skill level 17 in Shields
 46952 | Orc:2    | Found a staircase to the Elven Halls.
 47605 | Orc:2    | Found Bolumyer's Food Shop.
 47639 | Orc:2    | Reached skill level 15 in Fighting
 47667 | Orc:2    | Found Oneocap's General Store.
 47668 | Orc:2    | Found Qapnaz's Gadget Emporium.
 47668 | Orc:2    | Found Emax's Distillery.
 47714 | Orc:2    | Bought a potion of curing for 51 gold pieces
 47716 | Orc:2    | Bought a potion of mutation for 96 gold pieces
 47716 | Orc:2    | Bought a potion of curing for 36 gold pieces
 47849 | Orc:2    | Bought a scroll of fog for 34 gold pieces
 47896 | Elf:1    | Entered Level 1 of the Elven Halls
 48420 | D:14     | Found a blossoming altar of Fedhas.
 49193 | D:14     | Found a gate to the Vaults.
 49512 | D:15     | Entered Level 15 of the Dungeon
 50638 | D:15     | Got an ancient hand axe
 50639 | D:15     | Identified the +5 hand axe of Karma {pain, rC+++ Int-3
                  | Dex+7} (You found it on level 15 of the Dungeon)
 50681 | D:15     | Found a shadowy altar of Dithmenos.
 50782 | D:15     | Reached XP level 18. HP: 163/163 MP: 20/20
 51199 | D:15     | Found a staircase to the Depths.
 51574 | Shoals:1 | Bought a scroll of fear for 56 gold pieces
 51574 | Shoals:1 | Bought a scroll of torment for 120 gold pieces
 51574 | Shoals:1 | Bought a scroll of fog for 32 gold pieces
 51574 | Shoals:1 | Bought a scroll of teleportation for 48 gold pieces
 51804 | Shoals:3 | Reached skill level 18 in Shields
 52126 | Shoals:3 | Killed Donald
 52846 | Shoals:4 | Entered Level 4 of the Shoals
 52846 | Shoals:4 | Noticed Mara
 53035 | Slime:1  | Entered Level 1 of the Pits of Slime
 53162 | Slime:1  | Gained mutation: You are occasionally teleported next to
                  | monsters. [a shining eye]
 56752 | Elf:2    | Noticed Aizul
 57265 | Elf:1    | Identified a scroll of acquirement
 57621 | Elf:2    | Reached skill level 19 in Shields
 59172 | Elf:2    | Killed Aizul
 59681 | Elf:2    | Noticed Nikola
 60453 | Spider:2 | Reached XP level 19. HP: 172/172 MP: 0/21
 61351 | Spider:4 | Noticed Asterion
 61621 | Spider:3 | HP: 8/172 [poisoned by a wolf spider]
 61623 | Spider:3 | HP: 1/172 [poisoned by a wolf spider]
 61624 | Spider:3 | Succumbed to a wolf spider's poison

Skill      XL: |  1  2  3  4  5  6  7  8  9 10 11 12 13 14 15 16 17 18 |
---------------+-------------------------------------------------------+-----
Throwing       | 1 2 3 4 5 6 7 8 |  8.9
Dodging        | 2 3 4 |  4.5
Fighting       | 3 4 5 6 7 9 10 12 13 14 15 16 | 16.2
Axes           | 3 4 6 7 9 12 14 15 16 17 18 | 18.6
Armour         | 2 3 4 5 6 7 9 11 12 13 14 15 16 | 16.7
Shields        | 1 2 4 7 9 12 14 16 17 19 | 19.4
Stealth        | 1 2 |  2.2
Long Blades    | 2 3 |  3.9
Evocations     | 1 |  1.6
Spellcasting   | |  1.7
Translocations | |  2.4

Action                   |  1- 3 |  4- 6 |  7- 9 | 10-12 | 13-15 | 16-18 | 19-21 || total
-------------------------+-------+-------+-------+-------+-------+-------+-------++-------
Melee: Hand axe          |   101 |   171 |   455 |   829 |  1652 |  2394 |       ||  5602
       Scimitar          |       |       |       |    15 |    15 |       |       ||    30
       War axe           |       |       |       |       |       |    31 |    79 ||   110
Throw: Stone             |    19 |    30 |     7 |       |       |       |       ||    56
       Tomahawk          |       |       |    12 |    41 |    57 |     2 |       ||   112
       Javelin           |       |       |       |       |    14 |   238 |     7 ||   259
       Throwing net      |       |       |       |       |     1 |     1 |       ||     2
Evoke: Wand              |       |       |       |       |     5 |    15 |     1 ||    21
       Lamp of fire      |       |       |       |       |       |     1 |       ||     1
       Fan of gales      |       |       |       |       |       |     1 |       ||     1
  Use: Potion            |       |     3 |       |     2 |     5 |    11 |     5 ||    26
       Scroll            |       |     6 |       |    10 |     8 |    20 |     3 ||    47
 Stab: Distracted        |       |       |       |       |     1 |     1 |       ||     2
       Held in net/web   |       |       |       |       |       |     1 |       ||     1
       Confused          |       |       |       |       |       |     2 |       ||     2
  Eat: Chunk             |     4 |     6 |    14 |    29 |    41 |    55 |       ||   149
       Ration            |       |       |       |     2 |     3 |     8 |     1 ||    14
Armor: Leather armour    |    16 |       |       |       |       |       |       ||    16
       Ring mail         |    18 |    24 |       |       |       |       |       ||    42
       Chain mail        |       |    70 |   226 |    12 |       |       |       ||   308
       Plate armour      |       |       |       |   337 |   605 |   848 |   142 ||  1932
Dodge: Dodged            |    65 |    65 |   145 |   137 |   179 |   271 |    47 ||   909
Block: Other             |       |       |    16 |    37 |       |       |       ||    53
       Reflection        |       |       |       |    16 |    58 |   135 |       ||   209
       Large shield      |       |       |       |   264 |  1349 |  2053 |   133 ||  3799
       Rpst.: Scimitar   |       |       |       |     2 |       |       |       ||     2
